 Dungeon Crawl Stone Soup version 0.21.0-37-g46506fa (webtiles) character file.

12127 tidbits the Thaumaturge (level 11, -7/83 HPs)
             Began as a Gnoll Earth Elementalist on Feb 1, 2018.
             Was a Priest of Cheibriados.
             Mangled by a soul eater (15 damage)
             ... summoned by an orc high priest
             ... on level 2 of the Orcish Mines.
             The game lasted 00:55:51 (2755 turns).

tidbits the Thaumaturge (Gnoll Earth Elementalist)  Turns: 2755, Time: 00:55:52

Health: -7/83      AC: 12    Str: 17    XL:     11   Next: 88%
Magic:  6/23       EV: 20    Int: 26    God:    Cheibriados [***...]
Gold:   841        SH:  0    Dex: 26    Spells: 11/26 levels left

rFire    . . .     SeeInvis +   f - +1 short sword (vamp)
rCold    . . .     Gourm    .   (no shield)
rNeg     . . .     Faith    .   B - +3 troll leather armour {Snorg}
rPois    .         Spirit   .   E - +1 helmet
rElec    .         Reflect  .   (no cloak)
rCorr    .         Harm     .   G - +1 pair of gloves
MR       .....                  (no boots)
Stlth    ++++......             (no amulet)
HPRegen  0.63/turn              I - ring of see invisible
MPRegen  0.18/turn              X - +4 ring of dexterity

@: very slow
A: distributed training, fangs 1, hooves 1, evolution 1, subdued magic 1,
MP-powered wands, strong nose
a: Bend Time, Temporal Distortion, Renounce Religion


You were on level 2 of the Orcish Mines.
You worshipped Cheibriados.
Cheibriados was most pleased with you.
You were hungry.

You visited 3 branches of the dungeon, and saw 13 of its levels.

You collected 841 gold pieces.

Inventory:

Hand Weapons
 a - a +1 dagger of venom
   (You took it off an orc wizard on level 6 of the Dungeon)
 c - a +2 vampiric war axe
   (You took it off an orc warlord on level 2 of the Orcish Mines)
 f - a +1 vampiric short sword (weapon)
   (You took it off a kobold on level 1 of the Dungeon)
 g - a +8 blowgun
 l - a +1 falchion of holy wrath
   (You took it off an orc on level 10 of the Dungeon)
 q - a +0 morningstar
 w - a +2 flail of protection
   (You took it off a gnoll on level 6 of the Dungeon)
 y - a +0 dire flail of crushing
   (You took it off an orc high priest on level 2 of the Orcish Mines)
 F - a +0 broad axe
Missiles
 b - 37 stones
 h - 4 silver tomahawks
 k - 18 tomahawks
 r - 4 steel tomahawks (quivered)
 t - 35 arrows
Armour
 j - a +0 shield
 B - a +3 troll leather armour (worn) {Snorg}
 E - a +1 helmet (worn)
 G - a +1 pair of gloves (worn)
Jewellery
 v - an uncursed ring of flight
   (You found it on level 6 of the Dungeon)
 I - a ring of see invisible (left hand)
   (You found it on level 1 of the Dungeon)
 X - a +4 ring of dexterity (right hand)
   (You found it on level 6 of the Dungeon)
Wands
 z - a wand of polymorph (13)
Scrolls
 i - 3 scrolls of amnesia
 n - 2 scrolls of immolation
 A - a scroll of noise
Potions
 m - a potion of flight
 x - a potion of curing
Books
 e - a book of Geomancy

   Spells                             Type                      Level
   a - Sandblast                      Earth                        1
   b - Passwall                       Transmutation/Earth          2
   c - Stone Arrow                    Conjuration/Earth            3
   d - Petrify                        Transmutation/Earth          4
   e - Lee's Rapid Deconstruction     Earth                        5
Comestibles
 d - 5 rations


   Skills:
 + Level 6.6 Fighting
 + Level 6.6 Short Blades
 + Level 6.6 Long Blades
 + Level 6.6 Axes
 + Level 6.6 Maces & Flails
 + Level 6.6 Polearms
 + Level 6.6 Staves
 + Level 6.6 Slings
 + Level 6.6 Bows
 + Level 6.6 Crossbows
 + Level 6.6 Throwing
 + Level 6.6 Armour
 + Level 8.1 Dodging
 + Level 7.9 Stealth
 + Level 6.6 Shields
 + Level 6.6 Unarmed Combat
 + Level 8.4 Spellcasting
 + Level 5.4 Conjurations
 + Level 5.4 Hexes
 + Level 5.4 Charms
 + Level 5.4 Summonings
 + Level 5.4 Necromancy
 + Level 5.4 Translocations
 + Level 5.9 Transmutations
 + Level 5.4 Fire Magic
 + Level 5.4 Ice Magic
 + Level 5.4 Air Magic
 + Level 7.8 Earth Magic
 + Level 5.4 Poison Magic
 + Level 7.2 Invocations
 + Level 6.6 Evocations


You had 11 spell levels left.
You knew the following spells:

 Your Spells              Type           Power        Failure   Level  Hunger
a - Sandblast             Erth           #####.       1%          1    None
e - Petrify               Tmut/Erth      #####...     2%          4    ##.....
j - Stone Arrow           Conj/Erth      #####.       1%          3    None
p - Passwall              Tmut/Erth      #####.....   1%          2    None
D - Lee's Rapid Deconstr  Erth           #####.....   5%          5    ####...


Dungeon Overview and Level Annotations

Branches:
Dungeon (10/15)            Temple (1/1) D:5             Orc (2/2) D:10
    Elf (0/3) Orc:2
   Lair: D:8-11

Altars:
Cheibriados
Dithmenos
Elyvilon
Fedhas
Gozag
Hepliaklqana
Kikubaaqudgha
Makhleb
Nemelex Xobeh
Okawaru
Qazlal
Ru
Trog
Uskayaw
Vehumet
Wu Jian
Xom
Yredelemnul
Zin
The Shining One
Beogh

Shops:
D:5 :   Orc:2 (*

Annotations:
D:6 tidbits's ghost, amateur GnTm
D:8 exclusion: wight
D:10 exclusions: catoblepas and manticore


Innate Abilities, Weirdness & Mutations

Your experience applies equally to all skills.
You have very sharp teeth.
Your uncanny sense of smell can sniff out nearby items.
You have large cloven feet.
You evolve.
Your spells are a little easier to cast, but a little less powerful.
You expend magic power (3 MP) to strengthen your wands.


Message History

Items here: ))) [ a giant spiked club; a giant club; a leather armour; an enchanted flail
Items here: )) [[ a robe; a dagger; a robe; a dagger
There is a stone staircase leading down here.
You climb downwards.
There is a stone staircase leading up here.
Unknown command.
You see here a chain mail.
Items here: )) [[ a chain mail; a trident; a leather armour; a war axe
Things that are here:
a chain mail; a long sword You see here a silver tomahawk.
h - 2 silver tomahawks (gained 1)
You see here a silver tomahawk.
h - 3 silver tomahawks (gained 1)
You see here a silver tomahawk.
h - 4 silver tomahawks (gained 1)
An orc high priest comes into view. It is wielding a scimitar.
Things that are here:
a leather armour; a hand axe; an orc skeleton
Casting: Petrify
Confirm with . or Enter, or press ? or * to list all spells.
Aiming: Petrify
Press: ? - help, Shift-Dir - straight line, f - orc high priest
Aim: an orc high priest, wielding a scimitar (hasn't noticed you, chance to defeat MR: 30%)
The orc high priest shouts!
The orc high priest easily resists.
The ogre shouts!
You are feeling hungry.
The orc high priest mumbles some strange prayers to Beogh.
Unknown command.
Casting: Petrify
Confirm with . or Enter, or press ? or * to list all spells.
Aiming: Petrify
Press: ? - help, Shift-Dir - straight line, f/p - orc high priest
Aim: an orc high priest, wielding a scimitar (chance to defeat MR: 30%)
The orc high priest is moving more slowly.
The orc high priest mumbles some strange prayers to Beogh against you.
Beogh smites you!
The soul eater draws from the surrounding life force!
Unknown command.
Casting: Petrify
Confirm with . or Enter, or press ? or * to list all spells.
Aiming: Petrify
Press: ? - help, Shift-Dir - straight line, f/p - orc high priest
Aim: an orc high priest, wielding a scimitar (slowly petrifying, chance to defeat MR: 30%)
The orc high priest easily resists.
The sixfirhy closely misses you.
The soul eater draws from the surrounding life force!
The orc high priest stops moving altogether!
The sixfirhy hits you. The sixfirhy shocks you!
* * * LOW HITPOINT WARNING * * *
The sixfirhy hits you.
* * * LOW HITPOINT WARNING * * *
The sixfirhy shocks you!
* * * LOW HITPOINT WARNING * * *
The sixfirhy closely misses you.
Okay, then.
You warp the flow of time around you!
You feel somewhat more hungry.
Cheibriados lowers the support of your attributes as your movement quickens.
Unknown command.
Okay, then.
The soul eater completely misses you. The soul eater hits you.
* * * LOW HITPOINT WARNING * * *
Unknown command.
The soul eater draws from the surrounding life force!
* * * LOW HITPOINT WARNING * * *
You feel better.
The orc high priest is no longer petrified.
The ogre misses you.
The orc high priest mumbles some strange prayers to Beogh against you.
Pain shoots through your body!
* * * LOW HITPOINT WARNING * * *
The soul eater hits you but does no damage.
The orc high priest barely misses you.
The soul eater draws from the surrounding life force!
* * * LOW HITPOINT WARNING * * *
The ogre closely misses you.
Unknown command.
The flow of time bends around you.
Cheibriados rebukes the orc high priest.
The orc high priest seems to slow down.
Cheibriados rebukes the ogre.
The ogre seems to slow down.
Cheibriados rebukes the soul eater.
The soul eater seems to slow down.
You feel slightly more hungry.
The orc high priest hits you with a scimitar.
* * * LOW HITPOINT WARNING * * *
Unknown command.
Okay, then.
Okay, then.
Unknown command.
Unknown command.
Unknown command.
Unknown command.
You puncture the ogre!
You feel better.
You kick the ogre.
The ogre is moderately wounded.
The soul eater hits you!
You die...

..............###......
...P............###.....
..P..........#.## #...##
................###..##.
P.......[###...#.#...#..
..........###[[...#.###.
..........###..[.#### ##
.......3O...##.### #
.......@.....###
.......o....##
#..........##
..........## #...#......
##.#......## ####.##.##
## ##


You could see a soul eater, an orc high priest and an ogre.

Vanquished Creatures
  An orc warlord (Orc:2)
  Snorg (Orc:1)
  An ettin (Orc:2)
  A two-headed ogre (Orc:1)
  5 orc high priests (Orc:2)
  Sonja (D:10)
  An orc knight (Orc:2)
  2 orc sorcerers (Orc:2)
  2 trolls
  A warg (Orc:1)
  14 orc warriors
  A water moccasin (D:6)
  An ice beast (D:9)
  2 black bears
  4 ogres
  A phantom (D:4)
  2 bullfrogs
  2 scorpions (D:6)
  7 killer bees (D:8)
  A crimson imp (D:10)
  2 jellies
  A bullfrog skeleton (D:9)
  2 hounds (D:8)
  4 orc priests
  An iguana (D:4)
  11 orc wizards
  6 worker ants
  A hound skeleton (D:8)
  4 gnolls (D:6)
  2 adders
  An ooze (D:1)
  An adder skeleton (D:9)
  A worm (D:2)
  A dart slug (D:1)
  3 leopard geckos
  35 orcs
  A bat (D:1)
  2 giant cockroaches
  2 goblins
  2 hobgoblins
  2 frilled lizards
  3 kobolds
  A rat (D:1)
140 creatures vanquished.

Vanquished Creatures (others)
  An adder (D:4)
  9 fungi (Orc:2)
10 creatures vanquished.

Grand Total: 150 creatures vanquished

Notes
Turn   | Place    | Note
-------+----------+-------------------------------------------
     0 | D:1      | tidbits the Gnoll Earth Elementalist began the quest for the Orb.
     0 | D:1      | Reached XP level 1. HP: 13/13 MP: 6/6
    53 | D:1      | Reached skill level 2 in Transmutations
    58 | D:1      | Reached XP level 2. HP: 19/19 MP: 3/7
   163 | D:2      | Reached XP level 3. HP: 20/25 MP: 2/9
   198 | D:2      | Reached skill level 5 in Spellcasting
   278 | D:4      | Learned a level 2 spell: Passwall
   282 | D:4      | Learned a level 3 spell: Stone Arrow
   282 | D:4      | Noticed an ogre
   288 | D:4      | Killed an ogre
   288 | D:4      | Reached skill level 1 in Fighting
   288 | D:4      | Reached skill level 1 in Short Blades
   288 | D:4      | Reached skill level 1 in Long Blades
   288 | D:4      | Reached skill level 1 in Axes
   288 | D:4      | Reached skill level 1 in Maces & Flails
   288 | D:4      | Reached skill level 1 in Polearms
   288 | D:4      | Reached skill level 1 in Staves
   288 | D:4      | Reached skill level 1 in Slings
   288 | D:4      | Reached skill level 1 in Bows
   288 | D:4      | Reached skill level 1 in Crossbows
   288 | D:4      | Reached skill level 1 in Throwing
   288 | D:4      | Reached skill level 1 in Armour
   288 | D:4      | Reached skill level 1 in Shields
   288 | D:4      | Reached skill level 1 in Unarmed Combat
   288 | D:4      | Reached skill level 1 in Conjurations
   288 | D:4      | Reached skill level 1 in Hexes
   288 | D:4      | Reached skill level 1 in Charms
   288 | D:4      | Reached skill level 1 in Summonings
   288 | D:4      | Reached skill level 1 in Necromancy
   288 | D:4      | Reached skill level 1 in Translocations
   288 | D:4      | Reached skill level 1 in Fire Magic
   288 | D:4      | Reached skill level 1 in Ice Magic
   288 | D:4      | Reached skill level 1 in Air Magic
   288 | D:4      | Reached skill level 1 in Poison Magic
   288 | D:4      | Reached skill level 1 in Invocations
   288 | D:4      | Reached skill level 1 in Evocations
   288 | D:4      | Reached XP level 4. HP: 32/32 MP: 6/11
   338 | D:4      | Reached XP level 5. HP: 37/37 MP: 10/12
   349 | D:4      | Found a hide-covered altar of Uskayaw.
   421 | D:5      | Entered Level 5 of the Dungeon
   421 | D:5      | Found a shadowy altar of Dithmenos.
   435 | D:5      | Found Echer's Book Emporium.
   457 | D:5      | Found a staircase to the Ecumenical Temple.
   472 | Temple   | Entered the Ecumenical Temple
   531 | Temple   | Became a worshipper of Cheibriados the Contemplative
   575 | D:5      | Reached XP level 6. HP: 44/44 MP: 9/13
   581 | D:5      | Learned a level 4 spell: Petrify
   593 | D:5      | Reached skill level 2 in Invocations
   612 | D:4      | Found an ornate altar of the Wu Jian Council.
   636 | D:4      | Noticed a phantom
   649 | D:4      | Killed a phantom
   649 | D:4      | Reached skill level 2 in Fighting
   649 | D:4      | Reached skill level 2 in Short Blades
   649 | D:4      | Reached skill level 2 in Long Blades
   649 | D:4      | Reached skill level 2 in Axes
   649 | D:4      | Reached skill level 2 in Maces & Flails
   649 | D:4      | Reached skill level 2 in Polearms
   649 | D:4      | Reached skill level 2 in Staves
   649 | D:4      | Reached skill level 2 in Slings
   649 | D:4      | Reached skill level 2 in Bows
   649 | D:4      | Reached skill level 2 in Crossbows
   649 | D:4      | Reached skill level 2 in Throwing
   649 | D:4      | Reached skill level 2 in Armour
   649 | D:4      | Reached skill level 5 in Dodging
   649 | D:4      | Reached skill level 2 in Shields
   649 | D:4      | Reached skill level 2 in Unarmed Combat
   649 | D:4      | Reached skill level 2 in Evocations
   728 | D:6      | Noticed tidbits's ghost (amateur GnTm)
   733 | D:6      | Gained mutation: You are clumsy. (Dex -2) [potion of mutation]
   733 | D:6      | Gained mutation: Your system is resistant to poisons. (rPois) [potion of mutation]
   734 | D:6      | Lost mutation: Your system is resistant to poisons. (rPois) [potion of mutation]
   734 | D:6      | Lost mutation: You are clumsy. (Dex -2) [potion of mutation]
   734 | D:6      | Gained mutation: You expend magic power (3 MP) to strengthen your wands. [potion of mutation]
   734 | D:6      | Gained mutation: You have large cloven feet. [potion of mutation]
   734 | D:6      | Gained mutation: Your spells are a little easier to cast, but a little less powerful. [potion of mutation]
   734 | D:6      | Gained mutation: You evolve. [potion of mutation]
   755 | D:5      | Found a radiant altar of Vehumet.
   828 | D:6      | Noticed a water moccasin
   833 | D:6      | Killed a water moccasin
   833 | D:6      | Reached XP level 7. HP: 50/50 MP: 12/15
   873 | D:5      | Noticed a rust devil
   873 | D:5      | Noticed a rust devil
   882 | D:6      | Learned a level 5 spell: Lee's Rapid Deconstruction
   968 | D:6      | Reached * piety under Cheibriados
   968 | D:6      | Reached skill level 2 in Conjurations
   968 | D:6      | Reached skill level 2 in Hexes
   968 | D:6      | Reached skill level 2 in Charms
   968 | D:6      | Reached skill level 2 in Summonings
   968 | D:6      | Reached skill level 2 in Necromancy
   968 | D:6      | Reached skill level 2 in Translocations
   968 | D:6      | Reached skill level 2 in Fire Magic
   968 | D:6      | Reached skill level 2 in Ice Magic
   968 | D:6      | Reached skill level 2 in Air Magic
   968 | D:6      | Reached skill level 2 in Poison Magic
  1007 | D:6      | Reached skill level 3 in Transmutations
  1105 | D:8      | Reached skill level 5 in Stealth
  1105 | D:8      | Reached skill level 3 in Invocations
  1109 | D:8      | Found a stormy altar of Qazlal.
  1109 | D:8      | Noticed a water elemental
  1116 | D:8      | Noticed a fire elemental
  1116 | D:8      | Noticed an air elemental
  1206 | D:8      | Reached skill level 6 in Earth Magic
  1206 | D:8      | Reached XP level 8. HP: 47/57 MP: 16/16
  1228 | D:8      | Reached skill level 3 in Fighting
  1228 | D:8      | Reached skill level 3 in Short Blades
  1228 | D:8      | Reached skill level 3 in Long Blades
  1228 | D:8      | Reached skill level 3 in Axes
  1228 | D:8      | Reached skill level 3 in Maces & Flails
  1228 | D:8      | Reached skill level 3 in Polearms
  1228 | D:8      | Reached skill level 3 in Staves
  1228 | D:8      | Reached skill level 3 in Slings
  1228 | D:8      | Reached skill level 3 in Bows
  1228 | D:8      | Reached skill level 3 in Crossbows
  1228 | D:8      | Reached skill level 3 in Throwing
  1228 | D:8      | Reached skill level 3 in Armour
  1228 | D:8      | Reached skill level 3 in Shields
  1228 | D:8      | Reached skill level 3 in Unarmed Combat
  1228 | D:8      | Reached skill level 3 in Evocations
  1262 | D:8      | Reached skill level 6 in Spellcasting
  1294 | D:8      | Noticed a wraith
  1360 | D:8      | Found a hazy altar of Hepliaklqana.
  1360 | D:8      | Found an ancient bone altar of Kikubaaqudgha.
  1360 | D:8      | Found a sacrificial altar of Ru.
  1361 | D:8      | Found a sparkling altar of Nemelex Xobeh.
  1385 | D:8      | Noticed a wraith
  1424 | D:9      | Reached ** piety under Cheibriados
  1470 | D:9      | Noticed a troll
  1480 | D:9      | Killed a troll
  1480 | D:9      | Reached skill level 3 in Conjurations
  1480 | D:9      | Reached skill level 3 in Hexes
  1480 | D:9      | Reached skill level 3 in Charms
  1480 | D:9      | Reached skill level 3 in Summonings
  1480 | D:9      | Reached skill level 3 in Necromancy
  1480 | D:9      | Reached skill level 3 in Translocations
  1480 | D:9      | Reached skill level 3 in Fire Magic
  1480 | D:9      | Reached skill level 3 in Ice Magic
  1480 | D:9      | Reached skill level 3 in Air Magic
  1480 | D:9      | Reached skill level 3 in Poison Magic
  1480 | D:9      | Reached skill level 4 in Invocations
  1480 | D:9      | Reached XP level 9. HP: 65/65 MP: 10/18
  1526 | D:9      | Reached skill level 6 in Dodging
  1544 | D:10     | Entered Level 10 of the Dungeon
  1544 | D:10     | Noticed a catoblepas
  1544 | D:10     | Noticed a manticore
  1628 | D:10     | Found a staircase to the Orcish Mines.
  1705 | D:10     | Noticed Sonja
  1708 | D:10     | Killed Sonja
  1708 | D:10     | Reached skill level 4 in Fighting
  1708 | D:10     | Reached skill level 4 in Short Blades
  1708 | D:10     | Reached skill level 4 in Long Blades
  1708 | D:10     | Reached skill level 4 in Axes
  1708 | D:10     | Reached skill level 4 in Maces & Flails
  1708 | D:10     | Reached skill level 4 in Polearms
  1708 | D:10     | Reached skill level 4 in Staves
  1708 | D:10     | Reached skill level 4 in Slings
  1708 | D:10     | Reached skill level 4 in Bows
  1708 | D:10     | Reached skill level 4 in Crossbows
  1708 | D:10     | Reached skill level 4 in Throwing
  1708 | D:10     | Reached skill level 4 in Armour
  1708 | D:10     | Reached skill level 6 in Stealth
  1708 | D:10     | Reached skill level 4 in Shields
  1708 | D:10     | Reached skill level 4 in Unarmed Combat
  1708 | D:10     | Reached skill level 4 in Transmutations
  1708 | D:10     | Reached skill level 4 in Evocations
  1730 | D:10     | Found a glowing golden altar of the Shining One.
  1762 | Orc:1    | Entered Level 1 of the Orcish Mines
  1772 | Orc:1    | Noticed Snorg
  1786 | Orc:1    | Killed Snorg
  1786 | Orc:1    | Reached skill level 5 in Invocations
  1786 | Orc:1    | Reached XP level 10. HP: 34/73 MP: 13/20
  1822 | Orc:2    | Entered Level 2 of the Orcish Mines
  1822 | Orc:2    | Found a roughly hewn altar of Beogh.
  1850 | Orc:1    | Reached skill level 7 in Spellcasting
  1869 | Orc:1    | Reached skill level 4 in Conjurations
  1869 | Orc:1    | Reached skill level 4 in Hexes
  1869 | Orc:1    | Reached skill level 4 in Charms
  1869 | Orc:1    | Reached skill level 4 in Summonings
  1869 | Orc:1    | Reached skill level 4 in Necromancy
  1869 | Orc:1    | Reached skill level 4 in Translocations
  1869 | Orc:1    | Reached skill level 4 in Fire Magic
  1869 | Orc:1    | Reached skill level 4 in Ice Magic
  1869 | Orc:1    | Reached skill level 4 in Air Magic
  1869 | Orc:1    | Reached skill level 4 in Poison Magic
  1884 | Orc:1    | Noticed a two-headed ogre
  1893 | Orc:1    | Killed a two-headed ogre
  1893 | Orc:1    | Reached skill level 5 in Fighting
  1893 | Orc:1    | Reached skill level 5 in Short Blades
  1893 | Orc:1    | Reached skill level 5 in Long Blades
  1893 | Orc:1    | Reached skill level 5 in Axes
  1893 | Orc:1    | Reached skill level 5 in Maces & Flails
  1893 | Orc:1    | Reached skill level 5 in Polearms
  1893 | Orc:1    | Reached skill level 5 in Staves
  1893 | Orc:1    | Reached skill level 5 in Slings
  1893 | Orc:1    | Reached skill level 5 in Bows
  1893 | Orc:1    | Reached skill level 5 in Crossbows
  1893 | Orc:1    | Reached skill level 5 in Throwing
  1893 | Orc:1    | Reached skill level 5 in Armour
  1893 | Orc:1    | Reached skill level 5 in Shields
  1893 | Orc:1    | Reached skill level 5 in Unarmed Combat
  1893 | Orc:1    | Reached skill level 7 in Earth Magic
  1893 | Orc:1    | Reached skill level 5 in Evocations
  1987 | Orc:2    | Noticed an ettin
  1990 | Orc:2    | Killed an ettin
  1990 | Orc:2    | Reached skill level 7 in Dodging
  2008 | Orc:1    | Reached *** piety under Cheibriados
  2011 | Orc:1    | Reached skill level 5 in Transmutations
  2056 | Orc:2    | Found a staircase to the Elven Halls.
  2128 | Orc:2    | Reached skill level 6 in Invocations
  2132 | Orc:2    | Noticed an orc high priest
  2142 | Orc:2    | Killed an orc high priest
  2142 | Orc:2    | Reached skill level 7 in Stealth
  2167 | Orc:2    | Noticed an orc knight
  2176 | Orc:2    | Killed an orc knight
  2176 | Orc:2    | Reached XP level 11. HP: 81/81 MP: 5/22
  2199 | Orc:2    | Found Wik Zyty's General Store.
  2264 | Orc:2    | Noticed an orc high priest
  2286 | Orc:2    | Killed an orc high priest
  2290 | Orc:2    | Noticed an orc high priest
  2302 | Orc:2    | Noticed a sun demon
  2305 | Orc:2    | Killed an orc high priest
  2305 | Orc:2    | Reached skill level 6 in Fighting
  2305 | Orc:2    | Reached skill level 6 in Short Blades
  2305 | Orc:2    | Reached skill level 6 in Long Blades
  2305 | Orc:2    | Reached skill level 6 in Axes
  2305 | Orc:2    | Reached skill level 6 in Maces & Flails
  2305 | Orc:2    | Reached skill level 6 in Polearms
  2305 | Orc:2    | Reached skill level 6 in Staves
  2305 | Orc:2    | Reached skill level 6 in Slings
  2305 | Orc:2    | Reached skill level 6 in Bows
  2305 | Orc:2    | Reached skill level 6 in Crossbows
  2305 | Orc:2    | Reached skill level 6 in Throwing
  2305 | Orc:2    | Reached skill level 6 in Armour
  2305 | Orc:2    | Reached skill level 6 in Shields
  2305 | Orc:2    | Reached skill level 6 in Unarmed Combat
  2305 | Orc:2    | Reached skill level 5 in Conjurations
  2305 | Orc:2    | Reached skill level 5 in Hexes
  2305 | Orc:2    | Reached skill level 5 in Charms
  2305 | Orc:2    | Reached skill level 5 in Summonings
  2305 | Orc:2    | Reached skill level 5 in Necromancy
  2305 | Orc:2    | Reached skill level 5 in Translocations
  2305 | Orc:2    | Reached skill level 5 in Fire Magic
  2305 | Orc:2    | Reached skill level 5 in Ice Magic
  2305 | Orc:2    | Reached skill level 5 in Air Magic
  2305 | Orc:2    | Reached skill level 5 in Poison Magic
  2305 | Orc:2    | Reached skill level 6 in Evocations
  2378 | Orc:2    | Reached skill level 8 in Spellcasting
  2382 | Orc:2    | Found Wuqoos's Antique Weapon Emporium.
  2429 | Orc:2    | Noticed an orc sorcerer
  2432 | Orc:2    | Noticed an orc sorcerer
  2432 | Orc:2    | Noticed an orc high priest
  2443 | Orc:2    | Killed an orc sorcerer
  2447 | Orc:2    | Killed an orc sorcerer
  2559 | Orc:2    | Noticed an orc high priest
  2561 | Orc:2    | Noticed an orc warlord
  2565 | Orc:2    | Killed an orc high priest
  2567 | Orc:2    | Noticed an orc high priest
  2581 | Orc:2    | Killed an orc warlord
  2581 | Orc:2    | Reached skill level 8 in Dodging
  2581 | Orc:2    | Reached skill level 7 in Invocations
  2596 | Orc:2    | Killed an orc high priest
  2745 | Orc:2    | Noticed an orc high priest
  2747 | Orc:2    | Noticed a sixfirhy
  2747 | Orc:2    | Noticed a soul eater
  2753 | Orc:2    | HP: 4/83 [soul eater/drain life[an orc high priest] (15)]
  2754 | Orc:2    | HP: 1/83 [orc high priest/scimitar (4)]
  2755 | Orc:2    | Mangled by a soul eater

Skill      XL: |  1  2  3  4  5  6  7  8  9 10 11 |
---------------+----------------------------------+-----
Transmutations | 2 3 4 5 |  5.9
Spellcasting   | 5 6 7 8 |  8.4
Fighting       | 1 2 3 4 5 6 |  6.6
Short Blades   | 1 2 3 4 5 6 |  6.6
Long Blades    | 1 2 3 4 5 6 |  6.6
Axes           | 1 2 3 4 5 6 |  6.6
Maces & Flails | 1 2 3 4 5 6 |  6.6
Polearms       | 1 2 3 4 5 6 |  6.6
Staves         | 1 2 3 4 5 6 |  6.6
Slings         | 1 2 3 4 5 6 |  6.6
Bows           | 1 2 3 4 5 6 |  6.6
Crossbows      | 1 2 3 4 5 6 |  6.6
Throwing       | 1 2 3 4 5 6 |  6.6
Armour         | 1 2 3 4 5 6 |  6.6
Shields        | 1 2 3 4 5 6 |  6.6
Unarmed Combat | 1 2 3 4 5 6 |  6.6
Conjurations   | 1 2 3 4 5 |  5.4
Hexes          | 1 2 3 4 5 |  5.4
Charms         | 1 2 3 4 5 |  5.4
Summonings     | 1 2 3 4 5 |  5.4
Necromancy     | 1 2 3 4 5 |  5.4
Translocations | 1 2 3 4 5 |  5.4
Fire Magic     | 1 2 3 4 5 |  5.4
Ice Magic      | 1 2 3 4 5 |  5.4
Air Magic      | 1 2 3 4 5 |  5.4
Poison Magic   | 1 2 3 4 5 |  5.4
Invocations    | 1 2 3 4 5 6 7 |  7.2
Evocations     | 1 2 3 4 5 6 |  6.6
Dodging        | 5 6 7 8 |  8.1
Stealth        | 5 6 7 |  7.9
Earth Magic    | 6 7 |  7.8

Action                   |  1- 3 |  4- 6 |  7- 9 | 10-12 || total
-------------------------+-------+-------+-------+-------++-------
Melee: Dagger            |     4 |    10 |    69 |   101 ||   184
       Bite              |     3 |       |    13 |    20 ||    36
       Kick              |       |     1 |    37 |    50 ||    88
       Flail             |       |       |     2 |       ||     2
       Short sword       |       |       |       |     7 ||     7
 Fire: Blowgun           |       |       |     5 |    16 ||    21
Throw: Tomahawk          |       |       |     5 |     2 ||     7
 Cast: Sandblast         |    24 |    29 |    82 |    26 ||   161
       Passwall          |       |     7 |     9 |     4 ||    20
       Petrify           |       |       |     6 |    34 ||    40
       Stone Arrow       |       |       |     1 |       ||     1
       Lee's Rapid Decon |       |       |       |     3 ||     3
Invok: Bend Time         |       |       |     2 |     4 ||     6
       Temporal Distorti |       |       |       |     1 ||     1
  Use: Scroll            |       |     5 |     7 |     3 ||    15
       Potion            |       |     3 |     3 |     3 ||     9
 Stab: Sleeping          |     2 |     2 |     6 |     1 ||    11
       Petrified         |       |       |     6 |    25 ||    31
       Petrifying        |       |       |       |     3 ||     3
  Eat: Ration            |       |     1 |     1 |     1 ||     3
Armor: Robe              |     1 |       |    23 |       ||    24
       Troll leather arm |       |       |       |    28 ||    28
Dodge: Dodged            |     7 |    13 |   119 |   110 ||   249

Table legend:
 A = Turns spent in this place as a percentage of turns spent in the entire game.
 B = Non-inter-level travel turns spent in this place as a percentage of non-inter-level travel turns spent in the entire game.
 C = Inter-level travel turns spent in this place as a percentage of turns spent in this place.
 D = Turns resting spent in this place as a percentage of non-inter-level travel turns spent in this place.
 E = Turns spent auto-exploring this place as a percentage of non-inter-level travel turns spent in this place.
 F = Non-inter-level travel turns spent in this place divided by the number of levels of this place that you've seen.
                   A       B       C       D       E      F
               +-------+-------+-------+-------+-------+----------------------
         Total | 100.0 | 100.0 |   0.9 |   0.0 |   0.0 | 210.0
       Dungeon |  61.2 |  61.8 |   0.0 |   0.0 |   0.0 | 168.7
        Temple |   2.7 |   2.7 |   0.0 |   0.0 |   0.0 |  75.0
  Orcish Mines |  36.0 |  35.5 |   2.5 |   0.0 |   0.0 | 484.0
               +-------+-------+-------+-------+-------+----------------------

Table legend:
 A = Kills in this place as a percentage of kills in entire the game.
 B = Kills by you in this place as a percentage of kills by you in the entire game.
 C = Kills by friends in this place as a percentage of kills by friends in the entire game.
 D = Other kills in this place as a percentage of other kills in the entire game.
 E = Experience gained in this place as a percentage of experience gained in the entire game.
 F = Experience gained in this place divided by the number of levels of this place that you have seen.
                   A       B       C       D       E      F
               +-------+-------+-------+-------+-------+----------------------
         Total | 100.0 | 100.0 |   N/A |   N/A | 100.0 | 1332.7
       Dungeon |  62.1 |  62.1 |   N/A |   N/A |  20.7 | 358.5
  Orcish Mines |  37.9 |  37.9 |   N/A |   N/A |  79.3 | 6870.0
               +-------+-------+-------+-------+-------+----------------------

Vault maps used:
D:1:      enne_arrival_octagon_isle
D:2:      lemuel_doored_altar
D:3:      marbit_many_paths, minmay_misc_feat_doors
D:4:      nicolae_overflow_crystal_walls, eat_drink_and_be_merry_uskayaw,
          lemuel_flame_loot_1
D:5:      cheibrodos_iron_armory, nicolae_overflow_hidden_temple,
          minmay_temple_entry_trees, serial_shops, kennysheep_mini,
          first_ration, basic_altar
D:6:      nicolae_benzene_ring, corner_web_ring
D:7:      serial_shops, nicolae_shop_behind_doors, grunt_livestock,
          uniq_prince_ribbit1, uniq_pikel
D:8:      nicolae_qazlal_style_of_elements, minitemple, serial_corexii_hall,
          corexii_hall_statues_x, corexii_hall_statues_x,
          corexii_hall_statues_l, corexii_hall_statues_i,
          minmay_guarded_unrand_finisher
D:9:      roderic_batcave
D:10:     nzn_motion_control, lair_entry_dummy, david_orc_2, basic_altar,
          serial_shops, shop, uniq_sonja
Temple:   jpeg_temple_clearing
Orc:1:    uniq_snorg
Orc:2:    grunt_orc_gardens, grunt_orc_garden, grunt_orc_garden,
          grunt_orc_garden, grunt_orc_garden, basic_altar
